 Dungeon Crawl Stone Soup version 0.20.1-1-g8b1a95d (webtiles) character file.

458 tmwrnj the Chopper (level 7, -1/60 HPs)
             Began as a Hill Orc Fighter on Sept 30, 2017.
             Succumbed to an orc wizard's poison
             ... on level 4 of the Dungeon.
             The game lasted 00:09:28 (3547 turns).

tmwrnj the Chopper (Hill Orc Fighter)               Turns: 3547, Time: 00:09:28

Health: -1/60      AC:  9    Str: 21    XL:     7   Next: 6%
Magic:  7/7        EV:  6    Int: 13    God:
Gold:   198        SH: 10    Dex: 10    Spells: 6/6 levels left

rFire    . . .     SeeInvis .   x - +2 flail (crush)
rCold    . . .     Gourm    .   c - +0 shield
rNeg     . . .     Faith    .   m - +0 chain mail
rPois    .         Spirit   .   (no helmet)
rElec    .         Reflect  .   (no cloak)
rCorr    .         Harm     .   (no gloves)
MR       .....                  (no boots)
Stlth    ..........             (no amulet)
Regen    0.2/turn               (no ring)
MPRegen  0.1/turn               (no ring)

@: brilliant, lethally poisoned (-1 -> -17)
A: no striking features
a: no special abilities


You were on level 4 of the Dungeon.
You were not hungry.

You visited 1 branch of the dungeon, and saw 5 of its levels.

You collected 198 gold pieces.

Inventory:

Hand Weapons
 a - a +0 war axe
 x - a +2 flail of crushing (weapon)
Armour
 b - a +0 scale mail
 c - a +0 shield (worn)
 g - a +1 pair of gloves
 m - a +0 chain mail (worn)
Jewellery
 z - an uncursed ring of wizardry {unknown}
Scrolls
 e - a scroll of teleportation {unknown}
 i - a scroll of amnesia {unknown}
 k - 2 scrolls of fog
 l - a scroll of immolation
 n - a scroll of identify {unknown}
 o - a scroll of magic mapping {unknown}
 p - 3 scrolls of enchant weapon
 u - a scroll of fear {unknown}
 w - a scroll of remove curse {unknown}
 y - a scroll of enchant armour {unknown}
Potions
 d - 2 potions of might
 j - 2 potions of brilliance
 r - 2 potions of curing
 s - a potion of agility {unknown}
 v - a potion of berserk rage {unknown}
Books
 t - a book of Maledictions

   Spells                             Type                      Level
   a - Corona                         Hexes                        1
   b - Ensorcelled Hibernation        Hexes/Ice                    2
   c - Confuse                        Hexes                        3
   d - Tukima's Dance                 Hexes                        3
   e - Dazzling Spray                 Conjuration/Hexes            3
Comestibles
 f - 5 bread rations
 h - 7 meat rations
 q - 3 fruits


   Skills:
 + Level 4.9 Fighting
 + Level 6.2(6.3) Axes
 + Level 1.3(3.5) Maces & Flails
 + Level 4.2 Armour
 + Level 1.0 Dodging
 + Level 0.3 Stealth
 + Level 5.0 Shields


You had 6 spell levels left.
You didn't know any spells.

Dungeon Overview and Level Annotations

Branches:
Dungeon (5/15)
 Temple: D:4-7

Altars:
Cheibriados
Nemelex Xobeh

Annotations:
D:4 Pikel


Message History

You are lethally poisoned!
You closely miss something.
* * * LOW HITPOINT WARNING * * *
You feel sick. Something hits you but does no damage.
You are more poisoned.
You miss something.
* * * LOW HITPOINT WARNING * * *
You feel very sick.
You hear some strange, mumbled words.
Something tries to affect you, but you resist.
You hit something.
Reactivating autopickup.
You feel a bit more experienced.
* * * LOW HITPOINT WARNING * * *
You feel very sick.
* * * LOW HITPOINT WARNING * * *
You feel sick.
Things that are here:
a dagger of venom; a robe; an orc corpse You die...

.##....# #.....# #..#
## .##....# #######
#.#.# .##.##.# #.###
.....).# #.# ###.####
#.# #.#############
#.# #.)...........#
#.#
#########.#>#.######.#
#.#...@).....#
#.###.######## #.###.#
#.....# #######


There were no monsters in sight!

Vanquished Creatures
  A phantom (D:4)
  An ogre (D:4)
  A scorpion (D:4)
  A hound (D:4)
  2 orc wizards (D:4)
  A worker ant (D:4)
  4 adders
  An ooze (D:4)
  2 worms (D:2)
  A dart slug (D:3)
  2 leopard geckos
  7 orcs
  8 bats
  2 giant cockroaches
  5 goblins
  6 hobgoblins
  12 jackals
  A quokka (D:3)
  A ball python (D:2)
  2 frilled lizards
  8 kobolds
  4 rats
73 creatures vanquished.

Notes
Turn   | Place    | Note
-------+----------+-------------------------------------------
     0 | D:1      | tmwrnj the Hill Orc Fighter began the quest for the Orb.
     0 | D:1      | Reached XP level 1. HP: 19/19 MP: 1/1
   294 | D:1      | Reached XP level 2. HP: 20/27 MP: 2/2
   799 | D:1      | Reached skill level 3 in Axes
   850 | D:2      | Found a sparkling altar of Nemelex Xobeh.
   882 | D:2      | Reached XP level 3. HP: 32/33 MP: 3/3
  1798 | D:3      | Reached XP level 4. HP: 39/40 MP: 4/4
  2084 | D:3      | Reached skill level 4 in Axes
  2212 | D:4      | Found a snail-covered altar of Cheibriados.
  2226 | D:4      | Reached XP level 5. HP: 40/46 MP: 5/5
  2252 | D:4      | Noticed an ogre
  2336 | D:4      | Reached skill level 5 in Axes
  2594 | D:4      | Noticed a slave
  2595 | D:4      | Noticed a slave
  2606 | D:5      | Entered Level 5 of the Dungeon
  2649 | D:5      | Reached XP level 6. HP: 16/52 MP: 6/6
  3005 | D:4      | Noticed a phantom
  3025 | D:4      | Killed a phantom
  3025 | D:4      | Reached skill level 6 in Axes
  3216 | D:4      | Reached skill level 1 in Maces & Flails
  3216 | D:4      | Reached skill level 1 in Dodging
  3216 | D:4      | Reached skill level 5 in Shields
  3216 | D:4      | Reached XP level 7. HP: 17/60 MP: 7/7
  3506 | D:4      | Noticed Pikel
  3545 | D:4      | HP: 2/60 [poisoned by an orc wizard]
  3547 | D:4      | Succumbed to an orc wizard's poison

Skill      XL: |  1  2  3  4  5  6 |
---------------+-------------------+-----
Axes           | 3 4 5 6 |  6.2
Fighting       | 4 |  4.9
Shields        | 4 5 |  5.0
Armour         | 4 |  4.2
Maces & Flails | 1 |  1.3
Dodging        | 1 |  1.0
Stealth        | |  0.3

Action                   |  1- 3 |  4- 6 |  7- 9 || total
-------------------------+-------+-------+-------++-------
Melee: War axe           |   149 |    70 |       ||   219
       Flail             |       |    60 |     8 ||    68
  Use: Scroll            |       |     3 |       ||     3
       Potion            |       |     4 |     2 ||     6
  Eat: Chunk             |     3 |     3 |     2 ||     8
       Fruit             |       |     1 |       ||     1
Armor: Scale mail        |    35 |       |       ||    35
       Chain mail        |    72 |    69 |     7 ||   148
Dodge: Dodged            |    54 |    23 |       ||    77
Block: Shield            |    96 |    65 |     2 ||   163
